 Dungeon Crawl Stone Soup version 0.18.1-50-g88ac8fd (webtiles) character file.

1820 Peloso the Shield-Bearer (level 9, 0/75 HPs)
             Began as a Ghoul Fighter on Oct 20, 2016.
             Was a Believer of Okawaru.
             Slain by snus's ghost (3 damage)
             ... on level 6 of the Dungeon.
             The game lasted 00:18:06 (5920 turns).

Peloso the Shield-Bearer (Ghoul Fighter)            Turns: 5920, Time: 00:18:06

Health: 0/75       AC: 13    Str: 20    XL:     9   Next: 10%
Magic:  8/8        EV:  5    Int:  3    God:    Okawaru [**....]
Gold:   311        SH: 10    Dex: 11    Spells: 0 memorised, 8 levels left

rFire  x . .     SeeInvis .     a - +1 long sword
rCold  + + .     Gourm    .     m - +0 plate armour
rNeg   + + +     Faith    .     c - +0 shield
rPois  ∞         Spirit   .     (no helmet)
rElec  .         Dismiss  .     (no cloak)
rCorr  .         Reflect  .     u - -1 pair of gloves (curse)
SustAt .         Harm     .     (no boots)
MR     .....                    (no amulet)
Stlth  ..........               r - ring of stealth
                                s - ring of ice

@: rotting, not resistant to hostile enchantments, extremely unstealthy
A: rotting body, claws 1, carnivore 3, cold resistance 1, negative energy
resistance 3, slow regeneration 1, torment resistance, unbreathing
a: Heroism, Renounce Religion


You were on level 6 of the Dungeon.
You worshipped Okawaru.
Okawaru was pleased with you.
You were not hungry.

You visited 2 branches of the dungeon, and saw 7 of its levels.

You collected 311 gold pieces.

Inventory:

Hand Weapons
 a - a +1 long sword (weapon)
 w - a +1 war axe of chopping
Armour
 b - a +0 scale mail
 c - a +0 shield (worn)
 m - a +0 plate armour (worn)
 u - a cursed -1 pair of gloves (worn)
Jewellery
 r - a ring of stealth (right hand)
 s - a ring of ice (left hand)
Wands
 y - a wand of slowing (22/48)
 C - a wand of disintegration (8/24)
Scrolls
 e - 5 scrolls of random uselessness {unknown}
 h - 2 scrolls of teleportation {unknown}
 k - 2 scrolls of fear {unknown}
 l - 3 scrolls of remove curse {unknown}
 o - 2 scrolls of enchant armour {unknown}
 q - 8 scrolls of identify {unknown}
 t - a scroll of noise {unknown}
 x - a scroll of blinking {unknown}
Potions
 g - a potion of degeneration {unknown}
 i - a potion of resistance {unknown}
 j - 2 potions of flight {unknown}
 n - 2 potions of brilliance {unknown}
 A - a potion of ambrosia {unknown}
 B - a potion of lignification {unknown}
Comestibles
 f - 2 meat rations
 p - a beef jerky
 z - a slice of pizza


   Skills:
 + Level 6.3 Fighting
 + Level 4.1 Long Blades
 + Level 6.2 Armour
 + Level 1.9 Dodging
 + Level 0.8 Stealth
 + Level 6.7 Shields


You had 8 spell levels left.
You didn't know any spells.

Dungeon Overview and Level Annotations

Branches:
Dungeon (6/15)             Temple (1/1) D:4

Altars:
Ashenzari
Dithmenos
Elyvilon
Fedhas
Gozag
Kikubaaqudgha
Makhleb
Nemelex Xobeh
Okawaru
Qazlal
Trog
Vehumet
Xom
Yredelemnul
Zin
The Shining One

Shops:
D:5 =

Annotations:
D:6 Crazy Yiuf; snus's ghost, novice CeHu


Innate Abilities, Weirdness & Mutations

Your body is rotting away.
You thrive on raw meat.
You are immune to poison.
You have sharp fingernails.
You are carnivorous and can eat meat at any time.
Your flesh is cold resistant.
You are immune to negative energy.
You regenerate slowly when monsters are visible.
You are immune to unholy pain and torment.
You can survive without breathing.


Message History

Snus's ghost hits you.
* * * LOW HITPOINT WARNING * * *
x2 Evoke which item? (* to show all) (? for menu, Esc to quit)
Zapping:
C - a wand of disintegration (will waste charges)
Press: ? - help, Shift-Dir - straight line, f - snus's ghost
Aim: snus's ghost, wielding a vorpal weapon (severely damaged, chance to defeat MR: 36%) Snus's ghost is blasted.
Evoking this partially-identified wand wasted a few charges.
Snus's ghost hits you but does no damage.
Evoke which item? (* to show all) (? for menu, Esc to quit)
Zapping:
C - a wand of disintegration {zapped: 3} (will waste charges)
Press: ? - help, Shift-Dir - straight line, f/p - snus's ghost
Aim: snus's ghost, wielding a vorpal weapon (severely damaged, chance to defeat MR: 36%) Snus's ghost easily resists.
Evoking this partially-identified wand wasted a few charges.
Snus's ghost hits you but does no damage.
Eat a chunk of flesh? (ye/n/q/i?) This raw flesh tastes great!
Snus's ghost hits you!
* * * LOW HITPOINT WARNING * * *
You die...

############..#####.#.#....
###.##.#........# #.#..^...
#......#.#......# #.#.[....
#####.#.####.#.###### #.#......
......#'####)#.# ###.#....##
###............########........#
#....>.......................#
#............########...######
#......)....gW@..# #...# #
#......)....####.# #...# #
#...........# #.# #...# #
#...........# #.# #...#######
##...........####.# ###........
................#### #........
.#.....########## #.....)..
#...... #........ #....##
#########


You could see Crazy Yiuf and snus's ghost.

Vanquished Creatures
  Grinder (D:5)
  Eustachio (D:5)
  Edmund (D:5)
  2 black bears (D:6)
  An ice beast (D:5)
  A phantom (D:3)
  2 ogres
  A giant frog (D:6)
  A scorpion (D:3)
  A crimson imp (D:4)
  2 jellies
  A gnoll shaman (D:5)
  3 orc priests
  A giant frog skeleton (D:5)
  Jessica (D:3)
  7 orc wizards
  A worker ant (D:4)
  7 gnolls
  8 adders
  A shadow imp (D:5)
  An ooze (D:3)
  An adder skeleton (D:4)
  3 worms
  2 dart slugs
  A giant gecko (D:5)
  21 orcs
  2 ball pythons (D:2)
  2 giant cockroaches
  7 goblins
  3 hobgoblins (D:1)
  8 jackals
  A quokka (D:4)
  5 bats
  8 giant newts
  7 kobolds
  5 rats
121 creatures vanquished.

Notes
Turn   | Place    | Note
--------------------------------------------------------------
     0 | D:1      | Peloso the Ghoul Fighter began the quest for the Orb.
     0 | D:1      | Reached XP level 1. HP: 19/19 MP: 0/0
   740 | D:1      | Reached XP level 2. HP: 11/26 MP: 1/1
  1399 | D:2      | Found a sparkling altar of Nemelex Xobeh.
  1401 | D:2      | Reached XP level 3. HP: 29/29 MP: 2/2
  1569 | D:2      | Found a glowing silver altar of Zin.
  1783 | D:2      | Reached XP level 4. HP: 40/40 MP: 3/3
  1908 | D:3      | Noticed a phantom
  2066 | D:3      | Killed a phantom
  2066 | D:3      | Reached XP level 5. HP: 30/46 MP: 4/4
  2145 | D:3      | Reached XP level 6. HP: 19/52 MP: 5/5
  2458 | D:3      | Found an ancient bone altar of Kikubaaqudgha.
  2820 | D:3      | Noticed Jessica
  2833 | D:3      | Killed Jessica
  2902 | D:4      | Reached skill level 1 in Dodging
  3131 | D:4      | Found a shimmering altar of Xom.
  3132 | D:4      | Found a burning altar of Makhleb.
  3178 | D:4      | Reached XP level 7. HP: 36/60 MP: 6/6
  3179 | D:4      | Found a staircase to the Ecumenical Temple.
  3250 | Temple   | Entered the Ecumenical Temple
  3355 | Temple   | Became a worshipper of Warmaster Okawaru
  3712 | D:5      | Entered Level 5 of the Dungeon
  3731 | D:5      | Reached skill level 5 in Fighting
  3783 | D:5      | Reached * piety under Okawaru
  3844 | D:5      | Found a glowing golden altar of the Shining One.
  3895 | D:5      | Reached skill level 5 in Armour
  3940 | D:5      | Noticed Grinder
  3949 | D:5      | Paralysed by Grinder for 7 turns
  3976 | D:5      | Killed Grinder
  3976 | D:5      | Reached skill level 5 in Shields
  3976 | D:5      | Reached XP level 8. HP: 69/69 MP: 7/7
  4002 | D:5      | Found Kalleczady's Jewellery Emporium.
  4047 | D:5      | Found Waenuj's Serpentskin Sales.
  4117 | D:5      | Noticed Edmund
  4149 | D:5      | Killed Edmund
  4185 | D:5      | Reached ** piety under Okawaru
  4323 | D:5      | Noticed Eustachio
  4420 | D:5      | Killed Eustachio
  4900 | D:5      | Found a blossoming altar of Fedhas.
  4907 | D:5      | Found a shadowy altar of Dithmenos.
  4908 | D:5      | Found an opulent altar of Gozag.
  5379 | D:6      | Noticed Crazy Yiuf
  5416 | D:6      | Reached XP level 9. HP: 70/74 MP: 8/8
  5875 | D:6      | Noticed snus's ghost (novice CeHu)
  5917 | D:6      | HP: 2/75 [snus's ghost (3)]
  5920 | D:6      | Slain by snus's ghost

Skill      XL: |  1  2  3  4  5  6  7  8 |
---------------+-------------------------+-----
Armour         | 3 4 5 6 |  6.2
Shields        | 3 4 5 6 |  6.7
Long Blades    | 2 3 4 |  4.1
Fighting       | 4 5 6 |  6.3
Dodging        | 1 |  1.9
Stealth        | |  0.8

Action                   |  1- 3 |  4- 6 |  7- 9 || total
-------------------------+-------+-------+-------++-------
Melee: Long sword        |   170 |   214 |   457 ||   841
Evoke: Wand              |       |       |     2 ||     2
  Use: Potion            |       |     1 |       ||     1
       Scroll            |       |       |     1 ||     1
  Eat: Chunk             |    22 |    18 |    20 ||    60
Armor: Plate armour      |   155 |   135 |   433 ||   723
       Scale mail        |     6 |       |       ||     6
Dodge: Dodged            |    32 |    33 |   134 ||   199
Block: Shield            |    97 |    84 |   331 ||   512
